 Dungeon Crawl Stone Soup version 0.19.4-10-g532645f (webtiles) character file.

65 Gargoyl the Skirmisher (level 4, 0/39 (40) HPs)
             Began as a Ghoul Abyssal Knight on Feb 24, 2017.
             Was a Follower of Lugonu.
             Slain by an ice beast (7 damage)
             ... on level 3 of the Dungeon.
             The game lasted 00:04:27 (1471 turns).

Gargoyl the Skirmisher (Ghoul Abyssal Knight)       Turns: 1471, Time: 00:04:27

HP:   0/39 (40)     AC:  7    Str: 15    XL:     4   Next: 14%
MP:   4/4           EV: 15    Int: 12    God:    Lugonu [*.....]
Gold: 92            SH:  0    Dex: 18    Spells: 0 memorised, 3 levels left

rFire  + . .     SeeInvis .     a - +1 hand axe
rCold  + . .     Gourm    .     e - +1 scale mail "Wamuc" {rPois rF+ Dex+4}
rNeg   + + +     Faith    .     (no shield)
rPois  ∞         Spirit   .     (no helmet)
rElec  .         Reflect  .     (no cloak)
rCorr  .         Harm     .     (no gloves)
MR     .....                    (no boots)
Stlth  +.........               (no amulet)
                                (no ring)
                                (no ring)

@: brilliant, agile, very slightly contaminated, rotting, invisible
A: rotting body, claws 1, carnivore 3, cold resistance 1, negative energy
resistance 3, slow regeneration 1, torment resistance, unbreathing
a: Depart the Abyss, Renounce Religion


You were on level 3 of the Dungeon.
You worshipped Lugonu.
Lugonu was aware of your devotion.
You were not hungry.

You visited 1 branch of the dungeon, and saw 3 of its levels.
You visited the Abyss 1 time.

You collected 92 gold pieces.

Inventory:

Hand Weapons
 a - a +1 hand axe (weapon)
 l - a +0 hand axe of freezing
Armour
 e - the +1 scale mail "Wamuc" (worn) {rPois rF+ Dex+4}
   (You found it on level 2 of the Abyss)

   It affects your dexterity (+4).
   It protects you from fire.
   It protects you from poison.
Scrolls
 b - 2 scrolls of teleportation
 h - 2 scrolls of identify
Potions
 f - a potion of agility
 j - a potion of might {unknown}
 m - a potion of cure mutation
Comestibles
 c - 2 meat rations
 g - a royal jelly
 o - a slice of pizza


   Skills:
 + Level 3.7 Fighting
 + Level 2.2 Axes
 * Level 2.7 Armour
 + Level 1.3 Dodging
 * Level 2.5 Invocations


You had 3 spell levels left.
You didn't know any spells.

Dungeon Overview and Level Annotations

Branches:
Dungeon (3/15)

Altars:


Innate Abilities, Weirdness & Mutations

Your body is rotting away.
You thrive on raw meat.
You are immune to poison.
You have sharp fingernails.
You are carnivorous and can eat meat at any time.
Your flesh is cold resistant. (rC+)
You are immune to negative energy. (rN+++)
You regenerate slowly when monsters are visible.
You are immune to unholy pain and torment.
You can survive without breathing.


Message History

g - Guard the area. f - Follow me.
Anything else - Cancel.
Okay, then.
You barely miss the frilled lizard.
You catch the helpless ice beast completely off-guard!
You hit the ice beast but do no damage.
You feel your flesh rotting away.
The ice beast hits you but does no damage.
The frilled lizard closely misses you.
Unknown command.
You hit the frilled lizard.
You kill the frilled lizard!
Lugonu accepts your kill.
You hit the ice beast but do no damage. The ice beast barely misses you.
You closely miss the ice beast.
The ice beast is severely wounded.
The ice beast hits you.
* * * LOW HITPOINT WARNING * * *
The ice beast freezes you! You resist.
You die...

............# #...#
................###...#
......................#
................).......
........................
........................
......#+###'########....
............##### #....
#)..[Y@.......... ....
#................ ....
#......##........
..................
...#....##........ ..
#....##.....).. .
......##........ ..###>.
.......


You could see an ice beast.

Vanquished Creatures
  2 adders
  A dart slug (D:2)
  4 leopard geckos
  5 bats
  A giant cockroach (D:3)
  5 goblins
  6 hobgoblins
  4 jackals
  2 frilled lizards
  5 kobolds
  3 rats (D:1)
38 creatures vanquished.

Notes
Turn   | Place    | Note
-------+----------+-------------------------------------------
     0 | Abyss:1  | Gargoyl the Ghoul Abyssal Knight began the quest for the Orb.
     0 | Abyss:1  | Reached XP level 1. HP: 19/19 MP: 1/1
    20 | Abyss:2  | Got a faintly humming scale mail
    31 | Abyss:2  | Identified the +1 scale mail "Wamuc" {rPois rF+ Dex+4} (You found it on level 2 of the Abyss)
    32 | Abyss:2  | Noticed a green draconian monk
    32 | D:1      | Escaped the Abyss
   107 | D:1      | Reached skill level 1 in Dodging
   182 | D:1      | Reached * piety under Lugonu
   182 | D:1      | Reached XP level 2. HP: 26/26 MP: 2/2
   724 | D:2      | Reached XP level 3. HP: 15/31 MP: 3/3
  1305 | D:3      | Reached XP level 4. HP: 34/40 MP: 4/4
  1416 | D:3      | Noticed an ice beast
  1471 | D:3      | Slain by an ice beast

Skill      XL: |  1  2 |
---------------+-------+-----
Armour         | 2 |  2.7
Dodging        | 1 |  1.3
Axes           | 2 |  2.2
Fighting       | |  3.7
Invocations    | |  2.5

Action                   |  1- 3 |  4- 6 || total
-------------------------+-------+-------++-------
Melee: Hand axe          |   137 |    42 ||   179
Invok: Depart the Abyss  |     1 |       ||     1
  Use: Scroll            |     5 |       ||     5
       Potion            |       |     7 ||     7
 Stab: Invisible         |       |     1 ||     1
  Eat: Chunk             |    14 |     8 ||    22
Armor: Scale mail        |    87 |    20 ||   107
Dodge: Dodged            |    87 |    38 ||   125
